 Dungeon Crawl Stone Soup version 0.25-a0-413-g3b4b6a4ccc (webtiles) character file.

Game seed: 7687141559097073768, levelgen mode: deterministic

60 Eurus the Insei (level 3, 0/29 HPs)
             Began as a Draconian Transmuter on Jan 15, 2020.
             Shot with a stone by a goblin (9 damage)
             ... led by Robin
             ... on level 2 of the Dungeon.
             The game lasted 00:06:03 (2470 turns).

Eurus the Insei (Draconian Transmuter)              Turns: 2470, Time: 00:06:04

Health: 0/29       AC:  5    Str: 12    XL:     3   Next: 80%
Magic:  6/6        EV: 12    Int: 13    God:
Gold:   70         SH:  0    Dex: 12    Spells: 3/6 levels left

rFire    . . .     SeeInvis .     - Unarmed
rCold    . . .     Gourm    .   (no shield)
rNeg     . . .     Faith    .   (armour unavailable)
rPois    .         Spirit   .   (helmet restricted)
rElec    .         Reflect  .   (no cloak)
rCorr    .         Harm     .   (no gloves)
MR       .....                  (no boots)
Stlth    +.........             (no amulet)
HPRegen  0.09/turn              (no ring)
MPRegen  0.10/turn              (no ring)

@: lethally poisoned (0 -> -3), very slightly contaminated
A: unfitting armour, cold-blooded, AC +5
a: no special abilities


You were on level 2 of the Dungeon.
You were not hungry.

You visited 1 branch of the dungeon, and saw 2 of its levels.

You collected 70 gold pieces.

Inventory:

Missiles
 a - 26 arrows
Armour
 l - a +1 cloak of invisibility
Jewellery
 p - a +2 ring of strength
Scrolls
 b - 3 scrolls of identify {unknown}
 d - a scroll of enchant weapon {unknown}
 e - a scroll of magic mapping {unknown}
 f - a scroll of immolation {unknown}
 g - 2 scrolls of random uselessness {unknown}
 h - 3 scrolls of teleportation {unknown}
 k - a scroll of blinking {unknown}
 o - 2 scrolls of remove curse {unknown}
 q - a scroll of noise {unknown}
Potions
 i - a potion of curing {unknown}
 j - a potion of heal wounds {unknown}
 m - a potion of lignification {unknown}
 r - a potion of invisibility
 s - a potion of might
Comestibles
 c - 3 rations
 n - 2 chunks of flesh


   Skills:
 + Level 2.1 Fighting
 + Level 2.3 Dodging
 + Level 3.4 Unarmed Combat
 + Level 2.4 Spellcasting
 + Level 2.4 Transmutations


You had 3 spell levels left.
You knew the following spells:

 Your Spells              Type           Power        Failure   Level  Hunger
a - Beastly Appendage     Tmut           #.....       9%          1    #......
b - Sticks to Snakes      Tmut           #.......     13%         2    ###....

Your spell library contained the following spells:

 Spells                   Type           Power        Failure   Level  Hunger
 Spider Form              Tmut/Pois      #.........   41%         3    ###....
 Ice Form                 Ice/Tmut       #.......     82%         4    #####..
 Blade Hands              Tmut           #.........   94%         5    ######.


Dungeon Overview and Level Annotations

Branches:
Dungeon (2/15)

Altars:

Annotations:
D:2 1 runed translucent door, exclusion: door, Crazy Yiuf


Innate Abilities, Weirdness & Mutations

Your plain brown scales are hard. (AC +5)
You cannot fit into any form of body armour.
You are cold-blooded and may be slowed by cold attacks.


Message History

The hobgoblin hits you but does no damage.
You hit the hobgoblin.
The hobgoblin is moderately wounded.
The hobgoblin hits you but does no damage.
You completely miss the hobgoblin.
The hobgoblin is moderately wounded.
The goblin shoots a stone.
The stone hits you.
The hobgoblin hits you with a cursed +0 club.
You hit the hobgoblin.
The hobgoblin is heavily wounded.
Your talons disappear.
You feel sick.
The hobgoblin hits you but does no damage.
You closely miss the hobgoblin.
Your tail-slap misses the hobgoblin.
The hobgoblin is heavily wounded.
The hobgoblin hits you but does no damage.
You barely miss the hobgoblin.
The hobgoblin is heavily wounded.
The goblin shoots a stone.
The stone hits you!
You die...

.....#####.##########.### #.###.
###### #..# #.# #รท# #. ##.# #.#
#.###. # #.# #.# #..... ## #.#
#.# ####.. .## #####.### #.##
##... ..## #.......# #..## ##....
...####...#.#.#######...####.....
...'...........g@)((g.(....'.....
...####...#.#.#######)..####.....
..## #.......# ###<.## ##.... .##
#####.### #...## ##... ## #.#
#.### ##.. ######### #.# #.# ##'
........# #.# #.# #. ##.###..#
#(# #.# #. ##.###..###.#
####.#### #######.


You could see a hobgoblin and a goblin.

Vanquished Creatures
  Robin (D:1)
  An ooze (D:1)
  2 worms (D:2)
  A leopard gecko (D:1)
  2 ball pythons
  2 giant cockroaches (D:1)
  12 goblins
  6 hobgoblins
  4 bats (D:1)
  4 frilled lizards
  A kobold (D:2)
  A rat (D:1)
37 creatures vanquished.

Notes
Turn   | Place    | Note
-------+----------+-------------------------------------------
     0 | D:1      | Eurus the Draconian Transmuter began the quest for the Orb.
     0 | D:1      | Reached XP level 1. HP: 16/16 MP: 3/3
   317 | D:1      | Reached XP level 2. HP: 23/23 MP: 5/5
  1264 | D:2      | Reached XP level 3. HP: 29/29 MP: 6/6
  1312 | D:2      | Noticed Robin
  1571 | D:2      | Learned a level 2 spell: Sticks to Snakes
  1962 | D:2      | Found a runed translucent door.
  1963 | D:2      | Noticed Crazy Yiuf
  2239 | D:1      | Killed Robin
  2470 | D:2      | Shot with a stone by a goblin

Levels and vault maps discovered:
D:1:      mushboom_english_gardens, layout_loops_corners,
          hangedman_decor_slide_cut, serial_bayou_pond_c,
          chequers_serial_rivers_room_a
D:2:      layout_loops_corners, first_ration, uniq_crazy_yiuf_cottage,
          uniq_robin

Skill      XL: |  1  2  3 |
---------------+----------+-----
Dodging        | 2 |  2.3
Fighting       | 2 |  2.1
Unarmed Combat | |  3.4
Spellcasting   | |  2.4
Transmutations | |  2.4

Action                   || total
-------------------------++-------
Melee: Unarmed           ||   138
       Tailslap          ||     5
       Kick              ||     6
       Headbutt          ||     2
       Punch             ||     2
 Cast: Beastly Appendage ||    13
       Sticks to Snakes  ||     1
 Stab: Distracted        ||     2
  Eat: Chunk             ||     5
Armor: Skin              ||    36
Dodge: Dodged            ||    70

Table legend:
 A = Non-vault XP
 B = Vault XP
 C = Vault XP percentage of total XP
 D = Non-vault monster count
 E = Vault monster count
 F = Vault count percentage of total count
                 A         B        C        D         E       F
            +---------+---------+-------+---------+---------+-------
      Total |      59 |      27 |  31.4 |      27 |      10 |  27.0
            +---------+---------+-------+---------+---------+-------
        D:1 |      34 |      17 |  33.3 |      16 |       4 |  20.0
        D:2 |      25 |      10 |  28.6 |      11 |       6 |  35.3
            +---------+---------+-------+---------+---------+-------
